 Dungeon Crawl Stone Soup version 0.25-a0-426-g7d9e569eea (webtiles) character file.

Game seed: 1669187758499597464, levelgen mode: deterministic

41 BeastOfSaturn the Grave Robber (level 3, -1/24 HPs)
             Began as a Demonspawn Necromancer on Jan 25, 2020.
             Slain by a gnoll
             ... wielding a +0 whip
              (7 damage)
             ... on level 1 of the Dungeon.
             The game lasted 00:09:07 (1627 turns).

BeastOfSaturn the Grave Robber (DsNe)               Turns: 1627, Time: 00:09:07

Health: -1/24      AC:  3    Str:  9    XL:     3   Next: 32%
Magic:  5/6        EV: 14    Int: 16    God:
Gold:   10         SH:  0    Dex: 13    Spells: 4/6 levels left

rFire    . . .     SeeInvis .   l - +0 spear
rCold    . . .     Gourm    .   (no shield)
rNeg     . . .     Faith    .   b - +0 leather armour
rPois    .         Spirit   .   (no helmet)
rElec    .         Reflect  .   (no cloak)
rCorr    .         Harm     .   (no gloves)
MR       .....                  (no boots)
Stlth    ++........             (no amulet)
HPRegen  0.08/turn              (no ring)
MPRegen  0.10/turn              (no ring)

@: no status effects
A: repulsion field 1
a: no special abilities


You were on level 1 of the Dungeon.
You were not hungry.

You visited 1 branch of the dungeon, and saw 2 of its levels.

You collected 10 gold pieces.

Inventory:

Hand Weapons
 d - a +0 club
 l - a +0 spear (weapon)
Armour
 a - a +0 robe
 b - a +0 leather armour (worn)
Jewellery
 k - an uncursed ring of wizardry {unknown}
Scrolls
 e - a scroll of identify {unknown}
 g - a scroll of magic mapping {unknown}
 i - a scroll of amnesia {unknown}
Potions
 f - a potion of degeneration {unknown}
 h - a potion of mutation {unknown}
 j - a potion of haste {unknown}
 n - a potion of lignification {unknown}
Comestibles
 c - 3 rations
 m - a chunk of flesh


   Skills:
 + Level 0.6 Maces & Flails
 * Level 0.5 Armour
 + Level 2.1 Dodging
 - Level 1.8 Stealth
 + Level 2.2 Spellcasting
 + Level 5.0 Necromancy


You had 4 spell levels left.
You knew the following spells:

 Your Spells              Type           Power        Failure   Level  Hunger
a - Pain                  Necr           ###.         3%          1    #......
b - Animate Skeleton      Necr           N/A          3%          1    #......

Your spell library contained the following spells:

 Spells                   Type           Power        Failure   Level  Hunger
 Vampiric Draining        Necr           ###.......   11%         3    ###....
 Animate Dead             Necr           N/A          34%         4    #####..
 Agony                    Necr           ###.....     67%         5    ######.


Dungeon Overview and Level Annotations

Branches:
Dungeon (2/15)

Altars:


Innate Abilities, Weirdness & Mutations

You are surrounded by a mild repulsion field. (EV +2)


Message History

The gnoll hits you with a +0 whip!
* * * LOW HITPOINT WARNING * * *
There is an open door here.
Casting: Animate Skeleton (safe; 3% risk of failure)
Confirm with . or Enter, or press ? or * to list all spells.
You don't know that spell.
Unknown command.
Casting: Animate Skeleton (safe; 3% risk of failure)
Confirm with . or Enter, or press ? or * to list all spells.
You don't know that spell.
Casting: Animate Skeleton (safe; 3% risk of failure)
Confirm with . or Enter, or press ? or * to list all spells.
Aiming: Pain (safe; 3% risk of failure)
Press: ? - help, Shift-Dir - straight line, f - gnoll
Aim: a gnoll, wielding a +0 whip (moderately wounded, chance to defeat MR: 84%)
The gnoll writhes in agony.
The gnoll misses you.
You hit the gnoll but do no damage.
The gnoll is severely wounded.
The gnoll hits you with a +0 whip!
You die...

######### ###############
#.......# #..............
#.......#########..............
###.......'....g@................
..........#######................
##........#######...#######......
#.#..>........##...# #######
##.#.#########.##...# ...#.#
#..#...# ##.#.# ##.#...#
##.#.####### #.#...# ...........#
#.#####


You could see a gnoll.

Vanquished Creatures
  An adder (D:2)
  An ooze (D:1)
  A worm (D:2)
  A leopard gecko (D:2)
  5 bats
  A giant cockroach (D:2)
  3 goblins
  2 hobgoblins (D:1)
  A frilled lizard (D:2)
  A kobold (D:1)
17 creatures vanquished.

Vanquished Creatures (collateral kills)
  An adder (D:2)
  A worm (D:2)
2 creatures vanquished.

Grand Total: 19 creatures vanquished

Notes
Turn   | Place    | Note
-------+----------+-------------------------------------------
     0 | D:1      | BeastOfSaturn the Demonspawn Necromancer began the quest
                  | for the Orb.
     0 | D:1      | Reached XP level 1. HP: 13/13 MP: 3/3
   668 | D:1      | Gained mutation: You are surrounded by a mild repulsion
                  | field. (EV +2) [demonic ancestry]
   668 | D:1      | Reached XP level 2. HP: 19/19 MP: 3/5
  1181 | D:2      | Learned a level 1 spell: Animate Skeleton
  1349 | D:2      | Reached skill level 5 in Necromancy
  1349 | D:2      | Reached XP level 3. HP: 22/24 MP: 6/6
  1627 | D:1      | Slain by a gnoll

Levels and vault maps discovered:
D:1:      shiori_arrival_maze, layout_basic
D:2:      layout_loops_corners, minmay_tromino_v4_c

Skill      XL: |  1  2 |
---------------+-------+-----
Dodging        | 2 |  2.1
Necromancy     | 5 |  5.0
Maces & Flails | |  0.6
Armour         | |  0.5
Stealth        | |  1.8
Spellcasting   | |  2.2

Action                   || total
-------------------------++-------
Melee: Club              ||    13
       Unarmed           ||     2
       Spear             ||    32
 Cast: Pain              ||    23
       Animate Skeleton  ||     4
  Eat: Ration            ||     1
Armor: Leather armour    ||     7
Dodge: Dodged            ||    30

Table legend:
 A = Non-vault XP
 B = Vault XP
 C = Vault XP percentage of total XP
 D = Non-vault monster count
 E = Vault monster count
 F = Vault count percentage of total count
                 A         B        C        D         E       F
            +---------+---------+-------+---------+---------+-------
      Total |      55 |       4 |   6.8 |      17 |       2 |  10.5
            +---------+---------+-------+---------+---------+-------
        D:1 |      17 |       4 |  19.0 |       7 |       2 |  22.2
        D:2 |      38 |       0 |   0.0 |      10 |       0 |   0.0
            +---------+---------+-------+---------+---------+-------
